 Dungeon Crawl Stone Soup version 0.31-a0-175-g9f7f995f2b (webtiles) character file.

Game seed: 1158399708571305312

102 qw the Shooter (level 4, 0/42 HPs)
             Began as a Naga Hunter on June 17, 2023.
             Succumbed to a kobold's poison
             ... on level 3 of the Dungeon.
             The game lasted 00:00:43 (1973 turns).

qw the Shooter (Naga Hunter)                        Turns: 1973, Time: 00:00:43

Health: 0/42       AC:  2    Str: 13    XL:     4   Next: 78%
Magic:  4/4        EV:  9    Int: 10    God:
Gold:   94         SH:  0    Dex: 16    Spells: 3/3 levels left

rFire   . . .        Y - +1 shortbow
rCold   . . .        (shield currently unavailable)
rNeg    . . .        c - +0 leather armour
rPois   +            (no helmet)
rElec   .            (no cloak)
rCorr   .            (no gloves)
SInv    +            (no barding)
Will    .....        (no amulet)
Stlth   ++           (no ring)
HPRegen 0.27/turn    (no ring)
MPRegen 0.09/turn

%: no passive effects
@: lethally poisoned (0 -> -4), very slow
A: AC +1, large, see invisible, deformed body, poison resistance, slowness 2,
spit poison 1, naga tail 1
a: Spit Poison


You were on level 3 of the Dungeon.
You visited 1 branch of the dungeon, and saw 3 of its levels.

You collected 94 gold pieces.


Innate Abilities, Weirdness & Mutations

Your serpentine skin is tough. (AC +1)
You have supernaturally acute eyesight. (SInv)
Armour fits poorly on your strangely shaped body.
Your system is resistant to poisons. (rPois)
You cover ground very slowly.
You can spit poison.
You have a snake-like lower body.


   Skills:
 - Level 3.0 Fighting
 + Level 5.0 Ranged Weapons
 - Level 1.5 Dodging
 - Level 1.5 Stealth


You had 3 spell levels left.
You didn't know any spells.
Your spell library was empty.

Inventory:

Hand Weapons
 Y - a +1 shortbow (weapon)
Armour
 c - a +0 leather armour (worn)
Scrolls
 b - a scroll of enchant armour
 d - a scroll of identify
 f - a scroll of blinking {unknown}
Potions
 a - 2 potions of curing
 e - a potion of might {unknown}
 g - a potion of mutation {unknown}
 h - a potion of heal wounds {unknown}

Dungeon Overview and Level Annotations

Branches:
Dungeon (3/15)

Altars:


Message History

You shoot an arrow. The arrow closely misses the orc.
You have got your breath back.
The orc hits you with a +0 club. The orc wizard closely misses you.
The orc hits you with a +0 mace.
1968 ||| INVOKING Spit Poison.
Aiming: Spit Poison (1% risk of failure)
Press: ? - help, Shift-Dir - straight line, f/p - orc The splash of poison hits the orc.
You kill the orc!
The orc closely misses you. The orc wizard casts a spell at you.
You resist with some effort.
You shoot an arrow.
The arrow hits the orc wizard but does no damage.
The orc wizard is lightly wounded.
The orc closely misses you.
The orc wizard hits you with a +0 dagger.
The orc hits you but does no damage.
The kobold throws a poisoned dart.
The poisoned dart hits you!
The orc wizard hits you with a +0 dagger.
You shoot an arrow. The arrow hits the orc wizard.
The orc wizard is heavily wounded.
The orc wizard hits you with a +0 dagger.
The orc hits you with a +0 mace.
The kobold throws a poisoned dart.
The poisoned dart hits you!
You are poisoned.
You shoot an arrow. The arrow misses the orc wizard.
You feel very sick.
The orc wizard hits you with a +0 dagger.
The orc hits you with a +0 mace.
The kobold throws a poisoned dart.
The poisoned dart hits you!
You shoot an arrow. The arrow hits the orc wizard.
The orc wizard is severely wounded.
You feel sick. The orc hits you but does no damage.
The kobold throws a poisoned dart.
The poisoned dart barely misses you.
The orc wizard hits you with a +0 dagger.
You shoot an arrow. The arrow hits the orc wizard.
You kill the orc wizard!
You have got your breath back.
You die...

###### #....# # #....# #
..###....###############
....).o)................
.#..K)@.###############
##..#### # #. # #


You could see an orc and a kobold.

Vanquished Creatures
  An orc wizard (D:3)
  3 adders (D:2)
  2 worms (D:2)
  3 dart slugs
  3 orcs (D:3)
  6 endoplasms
  4 giant cockroaches
  5 goblins
  A hobgoblin (D:1)
  4 jackals (D:1)
  4 quokkas (D:1)
  4 ball pythons (D:1)
  2 bats
  3 frilled lizards
  3 kobolds
  11 rats
59 creatures vanquished.

Notes
Turn   | Place    | Note
-------+----------+-------------------------------------------
     0 | D:1      | qw the Naga Hunter began the quest for the Orb.
     0 | D:1      | Reached XP level 1. HP: 19/19 MP: 1/1
     0 | D:1      | 0 ||| qw: Version: 0.3-a-2-g5ab2908
     0 | D:1      | 0 ||| qw: Game counter: 344
     0 | D:1      | 0 ||| qw: Always use a shield: true
     0 | D:1      | 0 ||| qw: God list: Okawaru
     0 | D:1      | 0 ||| qw: Allow faded altars: false
     0 | D:1      | 0 ||| qw: Do Orc after D:15 true
     0 | D:1      | 0 ||| qw: Do second Lair branch before Depths: true
     0 | D:1      | 0 ||| qw: Lair rune preference: random
     0 | D:1      | 0 ||| qw: Plans: Normal
     0 | D:1      | 0 ||| PLANNING D:1-11
   166 | D:1      | 166 ||| INVOKING Spit Poison.
   187 | D:1      | 187 ||| INVOKING Spit Poison.
   208 | D:1      | 208 ||| INVOKING Spit Poison.
   220 | D:1      | 220 ||| INVOKING Spit Poison.
   221 | D:1      | Reached skill level 4 in Ranged Weapons
   221 | D:1      | Reached XP level 2. HP: 26/26 MP: 2/2
   224 | D:1      | 224 ||| INVOKING Spit Poison.
   260 | D:1      | 260 ||| INVOKING Spit Poison.
   273 | D:1      | 273 ||| INVOKING Spit Poison.
   279 | D:1      | 279 ||| INVOKING Spit Poison.
   341 | D:1      | 341 ||| INVOKING Spit Poison.
   358 | D:1      | 358 ||| INVOKING Spit Poison.
   364 | D:1      | 364 ||| INVOKING Spit Poison.
   408 | D:1      | 408 ||| INVOKING Spit Poison.
   414 | D:1      | 414 ||| INVOKING Spit Poison.
   477 | D:1      | 477 ||| INVOKING Spit Poison.
   480 | D:1      | 480 ||| INVOKING Spit Poison.
   483 | D:1      | Reached XP level 3. HP: 30/32 MP: 3/3
   499 | D:1      | 499 ||| INVOKING Spit Poison.
   504 | D:1      | 504 ||| INVOKING Spit Poison.
   509 | D:1      | 509 ||| INVOKING Spit Poison.
   513 | D:1      | 513 ||| INVOKING Spit Poison.
   559 | D:1      | 559 ||| INVOKING Spit Poison.
   649 | D:1      | 649 ||| INVOKING Spit Poison.
   654 | D:1      | 654 ||| INVOKING Spit Poison.
   660 | D:1      | 660 ||| INVOKING Spit Poison.
  1071 | D:1      | 1071 ||| READING scroll labelled CEHEADEJEL.
  1072 | D:1      | 1072 ||| READING scroll labelled POESUI PYHU.
  1073 | D:1      | 1073 ||| DROPPING scroll of butterflies.
  1106 | D:2      | 1106 ||| INVOKING Spit Poison.
  1111 | D:2      | 1111 ||| INVOKING Spit Poison.
  1127 | D:2      | 1127 ||| INVOKING Spit Poison.
  1133 | D:2      | Reached skill level 5 in Ranged Weapons
  1177 | D:2      | Found a faded altar of an unknown god.
  1179 | D:2      | Reached XP level 4. HP: 39/39 MP: 4/4
  1185 | D:2      | 1185 ||| INVOKING Spit Poison.
  1234 | D:2      | 1234 ||| INVOKING Spit Poison.
  1240 | D:2      | 1240 ||| INVOKING Spit Poison.
  1246 | D:2      | 1246 ||| INVOKING Spit Poison.
  1374 | D:2      | 1374 ||| INVOKING Spit Poison.
  1379 | D:2      | 1379 ||| INVOKING Spit Poison.
  1414 | D:2      | 1414 ||| INVOKING Spit Poison.
  1419 | D:2      | 1419 ||| INVOKING Spit Poison.
  1576 | D:2      | 1576 ||| INVOKING Spit Poison.
  1603 | D:2      | 1603 ||| INVOKING Spit Poison.
  1839 | D:2      | 1839 ||| INVOKING Spit Poison.
  1868 | D:2      | 1868 ||| READING scroll labelled LATUEM UKHOF.
  1869 | D:2      | 1869 ||| READING 2 scrolls labelled DOKHAI ISMYSM.
  1870 | D:2      | 1870 ||| READING scroll labelled CAQ YRUXAM.
  1871 | D:2      | 1871 ||| DRINKING 4 dark potions.
  1925 | D:3      | 1925 ||| INVOKING Spit Poison.
  1952 | D:3      | Reached skill level 3 in Fighting
  1953 | D:3      | 1953 ||| INVOKING Spit Poison.
  1956 | D:3      | 1956 ||| DRINKING 3 potions of curing.
  1956 | D:3      | 1956 ||| (to cure confusion)
  1959 | D:3      | 1959 ||| INVOKING Spit Poison.
  1963 | D:3      | 1963 ||| INVOKING Spit Poison.
  1968 | D:3      | 1968 ||| INVOKING Spit Poison.
  1970 | D:3      | HP: 10/42 [orc/+0 mace (6)]
  1971 | D:3      | HP: 3/42 [orc/+0 mace (2)]
  1972 | D:3      | HP: 1/42 [orc wizard/+0 dagger (1)]
  1973 | D:3      | Succumbed to a kobold's poison

Levels and vault maps discovered:
D:1:      co_arrival_random_square_maze, layout_basic, minmay_distorted
D:2:      layout_basic, hellmonk_ecumenical_altar_pennies_from_heaven,
          st_stairs_2, minmay_tree_intersection, minmay_pentomino_p2
D:3:      layout_basic, bh_walls_and_bars

Skill      XL: |  1  2  3  4 |
---------------+-------------+-----
Ranged Weapons | 4 5 |  5.0
Fighting       | 3 |  3.0
Dodging        | |  1.5
Stealth        | |  1.5

Action                     |  1- 3 |  4- 6 || total
---------------------------+-------+-------++-------
   Fire: Shortbow          |    75 |    53 ||   128
Ability: Spit Poison       |    26 |    16 ||    42
    Use: Scroll            |     2 |     3 ||     5
         Potion            |       |     2 ||     2
 Armour: Leather armour    |    12 |     9 ||    21
  Dodge: Dodged            |    14 |    20 ||    34

Table legend:
 A = Non-vault XP
 B = Vault XP
 C = Vault XP percentage of total XP
 D = Non-vault monster count
 E = Vault monster count
 F = Vault count percentage of total count
                 A         B        C        D         E       F
            +---------+---------+-------+---------+---------+-------
      Total |     159 |      24 |  13.1 |      54 |       5 |   8.5
            +---------+---------+-------+---------+---------+-------
        D:1 |      56 |       1 |   1.8 |      32 |       1 |   3.0
        D:2 |      54 |      23 |  29.9 |      15 |       4 |  21.1
        D:3 |      49 |       0 |   0.0 |       7 |       0 |   0.0
            +---------+---------+-------+---------+---------+-------
